Selects Heavy Armor Battlegroup
Construct Section Command Post
Selects Engineer Detachments
Construct Platoon Command Post
Selects Light Vehicle Withdraw and Refit
6-pounder Anti-tank Gun Team
Selects Forward Repair Assembly
Construct Company Command Post
Unlock M3 Grant Medium Tanks
6-pounder Anti-tank Gun Team
Selects Crusader AA Medium Tank
Selects Churchill Black Prince Heavy Tank
6-pounder Anti-tank Gun Team
6-pounder Anti-tank Gun Team